 Dungeon Crawl Stone Soup version 0.22-a0-601-gb0ed703ee0 (webtiles) character file.

191407 Lentor the Bludgeoner (level 17, -3/166 HPs)
             Began as a Minotaur Berserker on July 3, 2018.
             Was a High Priest of Trog.
             Slain by a manticore (4 damage)
             ... on level 3 of the Shoals on July 6, 2018.
             The game lasted 01:21:47 (30833 turns).

Lentor the Bludgeoner (Minotaur Berserker)         Turns: 30833, Time: 01:21:48

Health: -3/166     AC: 21    Str: 29    XL:     17   Next: 57%
Magic:  5/5        EV: 17    Int:  7    God:    Trog [*****.]
Gold:   3216       SH: 23    Dex: 12    Spells: 16/16 levels left

rFire    + + +     SeeInvis +   p - +9 demon whip (antimagic)
rCold    . . .     Gourm    .   W - +4 shield {reflect}
rNeg     + . .     Faith    .   B - +8 fire dragon scales of Tixyduif {rF++ rC- Str+2}
rPois    .         Spirit   .   (helmet restricted)
rElec    .         Reflect  +   A - scarf {cloud immunity}
rCorr    .         Harm     .   k - +0 pair of gloves
MR       +....     NoTele   +   b - +1 pair of boots
Stlth    ..........             j - amulet of Wiclomni {Reflect rC+ Int+3 Dex-4 Slay+5 SH+4}
HPRegen  0.37/turn              N - ring of Xoemm {-Tele *Contam rF+++ SInv}
MPRegen  0.09/turn              L - ring "Gifruil" {rN+ Str+4}

@: afraid, mesmerised, slowed, very slow
A: retaliatory headbutt, fangs 1, horns 2, deformed body
}: 1/15 runes: gossamer
a: Berserk, Trog's Hand, Brothers in Arms, Renounce Religion


You were on level 3 of the Shoals.
You worshipped Trog.
Trog was extremely pleased with you.
You were near starving.

You visited 6 branches of the dungeon, and saw 31 of its levels.
You also visited: Ossuary.

You collected 3320 gold pieces.
You spent 104 gold pieces at shops.

Inventory:

Hand Weapons
 p - a +9 antimagic demon whip (weapon)
Armour
 b - a +1 pair of boots (worn)
 k - a +0 pair of gloves (worn)
 A - a scarf of cloud immunity (worn)
 B - the +8 fire dragon scales of Tixyduif (worn) {rF++ rC- Str+2}
   (You found it on level 5 of the Lair of Beasts)

   It affects your strength (+2).
   It greatly protects you from fire.
   It makes you vulnerable to cold.
 R - a +0 plate armour of fire resistance
 W - a +4 shield of reflection (worn)
Jewellery
 j - the amulet of Wiclomni (around neck) {Reflect rC+ Int+3 Dex-4 Slay+5 SH+4}
   (You found it on level 1 of the Shoals)

   [amulet of reflection]

   It shields you and reflects attacks.
   It affects your intelligence (+3).
   It affects your dexterity (-4).
   It affects your accuracy and damage with ranged weapons and melee attacks
   (+5).
   It protects you from cold.
   It affects your SH (+4).
 n - an uncursed ring of fire
 x - an uncursed amulet of regeneration
 D - a +5 ring of dexterity
 L - the ring "Gifruil" (right hand) {rN+ Str+4}
   (You found it on level 1 of the Shoals)

   [ring of positive energy]

   It affects your strength (+4).
   It protects you from negative energy.
 N - the ring of Xoemm (left hand) {-Tele *Contam rF+++ SInv}
   (You found it on level 1 of the Lair of Beasts)

   [ring of see invisible]

   It renders you almost immune to fire.
   It lets you see invisible.
   It prevents most forms of teleportation.
   It causes magical contamination when unequipped.
 O - an uncursed ring of positive energy
 S - an uncursed ring of protection from cold
Wands
 q - a wand of enslavement (11)
 s - a wand of digging (12)
 u - a wand of paralysis (46)
 C - a wand of iceblast (17)
 G - a wand of random effects (21)
 H - a wand of flame (34)
 I - a wand of acid (27)
 V - a wand of scattershot (6)
Scrolls
 a - 4 scrolls of blinking
 i - 2 scrolls of enchant weapon
 o - 12 scrolls of identify
 t - 4 scrolls of fog
 v - a scroll of magic mapping
 w - 13 scrolls of teleportation
 y - 15 scrolls of remove curse
 F - 5 scrolls of fear
 X - a scroll of enchant armour
Potions
 d - 5 potions of might
 e - 8 potions of flight
 f - 12 potions of curing
 g - 6 potions of heal wounds
 h - 3 potions of haste
 l - 3 potions of berserk rage
 m - 5 potions of agility
 r - 6 potions of ambrosia
 z - a potion of lignification
 E - 4 potions of brilliance
 J - 4 potions of resistance
 K - 2 potions of invisibility
 M - a potion of cancellation
 Q - a potion of magic
Miscellaneous
 P - a lamp of fire
 U - 3 boxes of beasts
Comestibles
 c - 56 rations


   Skills:
 + Level 18.4 Fighting
 + Level 19.5 Maces & Flails
 + Level 15.0 Armour
 + Level 12.6 Dodging
 - Level 1.6 Stealth
 + Level 16.3 Shields


You had 16 spell levels left.
You didn't know any spells.
Your spell library was empty.

Dungeon Overview and Level Annotations

Branches:
Dungeon (15/15)            Temple (1/1) D:4            Lair (6/6) D:11
 Shoals (3/4) Lair:3       Spider (4/4) Lair:3        Slime (0/5) Lair:5
    Orc (2/2) D:12            Elf (0/3) Orc:2        Vaults (0/5) D:13
 Depths (0/5) D:15

Altars:
Ashenzari
Cheibriados
Dithmenos
Elyvilon
Fedhas
Gozag
Hepliaklqana
Kikubaaqudgha
Makhleb
Nemelex Xobeh
Okawaru
Qazlal
Ru
Sif Muna
Trog
Uskayaw
Vehumet
Wu Jian
Xom
Yredelemnul
Zin
The Shining One
Beogh
Jiyva

Shops:
Orc:2 **}(

Portals:
Trove: D:10 (give 17 scrolls of teleportation)


Innate Abilities, Weirdness & Mutations

You reflexively headbutt those who attack you in melee.
You have a pair of horns on your head.
You have very sharp teeth.
Armour fits poorly on your strangely shaped body.


Message History

Your ogre barely misses the merfolk siren.
The merfolk siren chants its luring song.
The manticore barely misses you. You furiously retaliate!
You headbutt the manticore! You block the manticore's attack. x2
The faun hits you from afar with a spear.
* * * LOW HITPOINT WARNING * * *
Your ogre hits the faun with a giant club!!
The snapping turtle barely misses you.
Your two-headed ogre hits the snapping turtle with a giant club.
Your two-headed ogre hits the snapping turtle with a giant club!!
The merfolk siren chants its luring song.
A merfolk comes into view. It is wielding a trident.
The faun hits you with an uncursed quarterstaff!!
* * * LOW HITPOINT WARNING * * *
You block the satyr's attack.
The merfolk siren chants its luring song.
The snapping turtle bites you from afar.
* * * LOW HITPOINT WARNING * * *
The manticore bites you.
You die...

≈≈≈≈≈≈≈≈≈..≈..#.≈
≈≈≈≈≈≈≈.............
≈≈≈≈≈...<...≈.......
≈≈≈≈≈..<...≈.......
≈≈≈≈≈≈..##.....(.# .
≈≈≈≈≈...(........##..
≈≈≈≈...≈.....Om.c....
≈≈≈≈≈..≈†...†.cc.m.≈.
≈≈≈≈≈≈≈≈†)††@Hccc..(≈
≈≈≈≈≈≈≈≈≈.()Oct.≈≈≈≈≈
≈≈≈≈≈≈≈≈≈≈≈..O).≈≈≈≈≈
≈≈≈≈≈≈≈≈≈...≈≈.(≈≈..≈
≈≈≈≈≈≈≈≈...≈≈≈≈..≈..
≈≈≈≈≈≈≈≈≈≈≈(≈...≈m.
≈≈≈≈≈≈≈≈≈≈≈≈......≈
≈≈≈≈≈≈≈≈≈≈.......≈
≈≈≈≈≈≈≈≈≈...##.(≈


You could see a satyr, a snapping turtle, a merfolk, 6 fauns, a manticore, 2
merfolk sirens, a friendly two-headed ogre (berserk) and 2 friendly ogres.

Vanquished Creatures
  Gastronok (Lair:1)
  Louise (D:15)
  3 ghost moths (Spider:4)
  5 emperor scorpions (Spider:4)
  Aizul (Spider:2)
  Azrael (D:15)
  Nessos (Orc:2)
  A spark wasp (Spider:4)
  A merfolk javelineer (Shoals:1)
  Snorg (D:12)
  Josephine (D:10)
  Fannar (Lair:1)
  The ghost of Zigma the Grappler, a journeyman DrTm of Ashenzari (D:13)
  The ghost of Shinnjin the Cleaver, a journeyman HOFi of Beogh (D:11)
  A yaktaur captain (D:15)
  A fire dragon (Lair:6)
  3 merfolk impalers
  A slime creature (D:10)
  8 hydras
  2 alligator snapping turtles
  3 centaur warriors
  A satyr (Shoals:2)
  An ogre mage (D:15)
  A merfolk avatar (Shoals:2)
  17 two-headed ogres
  A tengu warrior (D:13)
  A death yak (Lair:6)
  The ghost of Foic the Thaumaturge, a journeyman DECj of Vehumet (Orc:2)
  A queen ant (Lair:3)
  Sonja (Lair:1)
  3 skeletal warriors (D:12)
  2 unseen horrors (D:15)
  2 sea snakes
  2 swamp dragons (Lair:1)
  3 orc knights (Orc:2)
  4 harpies (Shoals:3)
  A deep elf mage (D:13)
  2 lindwurms (Lair:6)
  Pikel (D:9)
  An orb spider (shapeshifter) (D:15)
  13 fauns
  A necromancer (Lair:6)
  2 oklob plants
  5 manticores
  An orc sorcerer (Orc:2)
  7 orb spiders
  21 wolf spiders
  2 ugly things
  A spectral centaur (D:11)
  15 elephants
  6 cyclopes
  4 merfolk sirens
  Joseph (D:9)
  Maurice (D:9)
  7 black mambas
  12 spiny frogs
  7 torpor snails
  A gargoyle (D:12)
  2 water nymphs
  A rime drake (Lair:6)
  Psyche (D:9)
  2 efreet (D:14)
  12 komodo dragons
  3 yaktaurs
  4 kobold demonologists (D:15)
  8 demonic crawlers
  15 jumping spiders
  9 tyrant leeches
  5 merfolk
  9 trolls
  18 hornets
  12 dream sheep
  8 snapping turtles
  A wind drake (Shoals:2)
  22 blink frogs
  7 hippogriffs
  A meliai zombie (D:11)
  A shadow (D:14)
  59 redbacks
  6 wraiths (D:10)
  24 tarantellas
  2 vampires
  7 wyverns
  3 fire elementals (D:15)
  3 basilisks
  4 hogs (D:7)
  A water elemental (Shoals:1)
  30 yaks
  A human (D:7)
  Eustachio (D:8)
  A hungry ghost (D:15)
  A steam dragon (D:11)
  5 wargs
  A swamp worm (Spider:2)
  An acid dragon (D:15)
  18 soldier ants
  2 hell hounds (D:15)
  5 porcupines
  10 water moccasins
  24 orc warriors
  5 sky beasts
  A slave (D:9)
  An eye of draining (D:14)
  2 black bears
  A phantom (D:14)
  9 ogres
  7 ice beasts
  10 wolves
  6 centaurs
  15 crocodiles
  6 big kobolds
  18 bullfrogs
  3 gnoll sergeants
  2 elf zombies (Ossuary)
  A wyvern zombie (D:12)
  2 wyvern skeletons (D:13)
  5 scorpions
  5 killer bees (D:7)
  6 wights
  A howler monkey (D:7)
  6 crimson imps
  4 centaur skeletons
  A quasit (D:10)
  A bullfrog zombie (D:5)
  5 centaur zombies
  3 bullfrog skeletons
  2 human zombies (Ossuary)
  Crazy Yiuf (D:5)
  6 hounds
  5 jellies
  15 orc priests
  19 orc wizards
  Ijyb (D:5)
  3 iguanas
  35 worker ants
  3 yak simulacra (Lair:6)
  Terence (D:3)
  A killer bee zombie (D:5)
  2 polar bear simulacra (Lair:6)
  5 wolf simulacra (Lair:6)
  A big kobold zombie (Ossuary)
  2 bullfrog simulacra (D:11)
  3 hound zombies
  5 mummies
  4 gnolls (D:5)
  A howler monkey skeleton (D:6)
  17 adders
  3 river rats
  4 shadow imps
  2 oozes
  2 adder skeletons
  2 adder zombies
  4 worms
  2 dart slugs (D:1)
  6 leopard geckos
  96 orcs
  8 ball pythons
  9 bats
  6 giant cockroaches
  8 goblins
  7 hobgoblins
  5 jackals
  22 kobolds
  5 quokkas
  6 frilled lizards
  A goblin zombie (Ossuary)
  A hobgoblin zombie (D:4)
  A jackal zombie (Ossuary)
  3 orc zombies
  A quokka skeleton (D:7)
  12 rats
  A river rat simulacrum (Lair:6)
  A fungus (D:5)
  3 plants
1021 creatures vanquished.

Vanquished Creatures (collateral kills)
  Arachne (Spider:4)
  Donald (Orc:2)
  Erolcha (Orc:1)
  A centaur warrior (D:13)
  An orc high priest (Orc:1)
  A deep elf knight (D:13)
  A skeletal warrior (D:13)
  7 orc knights (Orc:2)
  A wolf spider (Spider:4)
  6 orb spiders
  3 moths of wrath (Spider:2)
  2 deep elf magi (D:13)
  A harpy (Shoals:1)
  A faun (Shoals:3)
  4 oklob plants (Lair:6)
  A water nymph (Shoals:1)
  A centaur skeleton (D:13)
  2 torpor snails
  A kobold demonologist (D:13)
  3 demonic crawlers
  A yaktaur (D:13)
  2 jumping spiders
  A wind drake (Shoals:1)
  A snapping turtle (Shoals:3)
  4 tyrant leeches (Spider:2)
  8 redbacks
  7 tarantellas
  A basilisk (Lair:1)
  3 wargs (Orc:2)
  3 swamp worms (Spider:2)
  15 orc warriors
  A big kobold (D:13)
  4 orc priests
  A bullfrog skeleton (D:13)
  3 orc wizards
  26 orcs
  2 kobolds (D:13)
123 creatures vanquished.

Vanquished Creatures (others)
  A merfolk javelineer (Shoals:3)
  A dream sheep (Shoals:3)
  A centaur (Shoals:1)
  A big kobold (D:13)
  A crimson imp (D:5)
  An ooze (D:5)
  8 fungi
  15 plants
29 creatures vanquished.

Grand Total: 1173 creatures vanquished

Notes
Turn   | Place    | Note
-------+----------+-------------------------------------------
     0 | D:1      | Lentor the Minotaur Berserker began the quest for the Orb.
     0 | D:1      | Reached XP level 1. HP: 19/19 MP: 0/0
    89 | D:1      | Reached XP level 2. HP: 15/27 MP: 1/1
   428 | D:1      | Reached skill level 4 in Maces & Flails
   625 | D:1      | Reached XP level 3. HP: 29/34 MP: 2/2
  1040 | D:2      | Reached ** piety under Trog
  1132 | D:2      | Reached XP level 4. HP: 36/41 MP: 3/3
  1780 | D:3      | Reached XP level 5. HP: 34/47 MP: 4/4
  1782 | D:3      | Reached skill level 5 in Fighting
  2056 | D:3      | Reached skill level 5 in Maces & Flails
  2128 | D:3      | Found a glowing golden altar of the Shining One.
  2206 | D:3      | Reached skill level 1 in Stealth
  2492 | D:3      | Upgraded the game from 0.22-a0-580-gd5db89c09a to 0.22-a0-601-gb0ed703ee0
  2572 | D:3      | Noticed Terence
  2575 | D:3      | Killed Terence
  2575 | D:3      | Reached *** piety under Trog
  2743 | D:3      | Reached XP level 6. HP: 56/56 MP: 5/5
  3154 | D:4      | Found a sand-covered staircase.
  3166 | Ossuary  | Entered an ossuary
  3179 | Ossuary  | Reached skill level 6 in Maces & Flails
  3198 | Ossuary  | Reached XP level 7. HP: 45/61 MP: 6/6
  3580 | D:4      | Found a staircase to the Ecumenical Temple.
  3638 | Temple   | Entered the Ecumenical Temple
  4698 | D:5      | Entered Level 5 of the Dungeon
  4857 | D:5      | Reached skill level 7 in Maces & Flails
  4857 | D:5      | Reached skill level 5 in Armour
  4938 | D:5      | Found a stormy altar of Qazlal.
  5056 | D:5      | Reached **** piety under Trog
  5068 | D:5      | Reached skill level 8 in Maces & Flails
  5068 | D:5      | Reached XP level 8. HP: 43/70 MP: 7/7
  5217 | D:5      | Noticed Ijyb
  5228 | D:5      | Killed Ijyb
  5347 | D:5      | Noticed a two-headed ogre
  5357 | D:5      | Killed a two-headed ogre
  5357 | D:5      | Reached skill level 9 in Maces & Flails
  5357 | D:5      | Reached skill level 5 in Dodging
  5727 | D:5      | Found a runed door.
  5731 | D:5      | Noticed Crazy Yiuf
  5733 | D:5      | Killed Crazy Yiuf
  5854 | D:6      | Reached XP level 9. HP: 78/78 MP: 8/8
  5932 | D:6      | Reached skill level 10 in Maces & Flails
  6598 | D:7      | Reached ***** piety under Trog
  6617 | D:7      | Reached skill level 11 in Maces & Flails
  6838 | D:7      | Reached XP level 10. HP: 65/88 MP: 9/9
  7252 | D:8      | Paralysed by a hornet for 1 turns
  7474 | D:8      | Noticed Eustachio
  7492 | D:8      | Killed Eustachio
  7492 | D:8      | Reached skill level 12 in Maces & Flails
  8033 | D:9      | Noticed a two-headed ogre
  8040 | D:9      | Killed a two-headed ogre
  8040 | D:9      | Reached skill level 1 in Shields
  8172 | D:9      | Noticed a two-headed ogre
  8183 | D:9      | Killed a two-headed ogre
  8234 | D:9      | Noticed Joseph
  8247 | D:9      | Killed Joseph
  8268 | D:9      | Received a gift from Trog
  8270 | D:9      | Reached XP level 11. HP: 97/97 MP: 10/10
  8277 | D:9      | Got a shimmering rapier {god gift}
  8304 | D:9      | Noticed Psyche
  8310 | D:9      | Killed Psyche
  8310 | D:9      | Reached skill level 13 in Maces & Flails
  8335 | D:9      | Noticed Pikel
  8347 | D:9      | Killed Pikel
  8674 | D:9      | Noticed Maurice
  8690 | D:9      | Killed Maurice
  8950 | D:10     | Entered Level 10 of the Dungeon
  8957 | D:10     | Reached skill level 10 in Fighting
  9509 | D:10     | Reached skill level 10 in Armour
  9614 | D:10     | Noticed Josephine
  9628 | D:10     | Killed Josephine
  9809 | D:10     | Reached skill level 5 in Shields
  9951 | D:10     | Found a portal to a secret trove of treasure.
 10177 | D:10     | Noticed a two-headed ogre
 10186 | D:10     | Killed a two-headed ogre
 10186 | D:10     | Reached skill level 14 in Maces & Flails
 10452 | D:11     | Noticed a red ugly thing
 10468 | D:11     | Noticed a two-headed ogre
 10474 | D:11     | Killed a red ugly thing
 10474 | D:11     | Reached XP level 12. HP: 80/108 MP: 11/11
 10478 | D:11     | Killed a two-headed ogre
 10542 | D:11     | Found a shimmering altar of Xom.
 10572 | D:11     | Reached ****** piety under Trog
 10624 | D:11     | Found a blossoming altar of Fedhas.
 10840 | D:11     | Found a staircase to the Lair.
 11038 | D:11     | Found a runed gate.
 11039 | D:11     | Found a runed gate.
 11039 | D:11     | Found a runed gate.
 11041 | D:11     | Noticed Shinnjin's ghost (journeyman HOFi)
 11066 | D:11     | Killed Shinnjin's ghost
 11251 | D:11     | Noticed a seven-headed hydra
 11268 | D:11     | Killed a seven-headed hydra
 11268 | D:11     | Reached skill level 10 in Dodging
 11434 | Lair:1   | Entered Level 1 of the Lair of Beasts
 11539 | Lair:1   | Received a gift from Trog
 11687 | Lair:1   | Got a bound tin ring
 11689 | Lair:1   | Found a hide-covered altar of Uskayaw.
 11754 | Lair:1   | Noticed a four-headed hydra
 11760 | Lair:1   | Killed a four-headed hydra
 11838 | Lair:1   | Found a transporter.
 11871 | Lair:1   | Noticed Sonja
 11879 | Lair:1   | Killed Sonja
 11886 | Lair:1   | Found a transporter.
 11901 | Lair:1   | Identified the ring of Xoemm {-Tele *Contam rF+++ SInv} (You found it on level 1 of the Lair of Beasts)
 11953 | Lair:1   | Noticed Fannar
 11963 | Lair:1   | Killed Fannar
 12265 | Lair:1   | Noticed Gastronok
 12281 | Lair:1   | Killed Gastronok
 12462 | Lair:1   | Reached XP level 13. HP: 118/118 MP: 7/12
 12467 | Lair:1   | Reached skill level 15 in Maces & Flails
 14016 | Lair:3   | Received a gift from Trog
 14372 | Lair:3   | Found a hole to the Spider Nest.
 14457 | Lair:3   | Found a staircase to the Shoals.
 14466 | Lair:3   | Reached skill level 16 in Maces & Flails
 15334 | Lair:4   | Reached skill level 10 in Shields
 15540 | Lair:4   | Reached XP level 14. HP: 124/130 MP: 7/13
 16021 | Lair:5   | Found a viscous altar of Jiyva.
 16021 | Lair:5   | Found a staircase to the Slime Pits.
 16227 | Lair:5   | Received a gift from Trog
 16703 | Lair:6   | Entered Level 6 of the Lair of Beasts
 17731 | Lair:6   | Found a runed door.
 17881 | Lair:6   | Reached skill level 17 in Maces & Flails
 17919 | Lair:6   | Reached skill level 15 in Fighting
 18306 | D:12     | Noticed Snorg
 18323 | D:12     | Killed Snorg
 18334 | D:12     | Received a gift from Trog
 18808 | D:12     | Found a staircase to the Orcish Mines.
 18828 | Orc:1    | Entered Level 1 of the Orcish Mines
 19046 | Orc:2    | Entered Level 2 of the Orcish Mines
 19134 | Orc:1    | Noticed Erolcha
 19136 | Orc:1    | Reached XP level 15. HP: 141/141 MP: 8/14
 19148 | Orc:1    | Killed Erolcha
 19157 | Orc:1    | Received a gift from Trog
 19399 | Orc:2    | Found a staircase to the Elven Halls.
 19430 | Orc:2    | Noticed Nessos
 19451 | Orc:2    | Killed Nessos
 19694 | Orc:2    | Found Estroliogg's Antique Weapon Emporium.
 19694 | Orc:2    | Found Ocaugi Jodghe's Gadget Boutique.
 19886 | Orc:2    | Found a transporter.
 19894 | Orc:2    | Noticed Foic's ghost (journeyman DECj)
 19899 | Orc:2    | Found a transporter.
 19954 | Orc:2    | Noticed Donald
 19990 | Orc:2    | Killed Donald
 20006 | Orc:2    | Received a gift from Trog
 20127 | Orc:2    | Found Aghaoses's Assorted Antiques.
 20127 | Orc:2    | Found Guopt's General Store.
 20141 | Orc:2    | Bought a potion of mutation for 104 gold pieces
 20390 | Orc:2    | Found a roughly hewn altar of Beogh.
 20836 | Orc:2    | Gained mutation: You are dopey. (Int -2) [potion of mutation]
 20836 | Orc:2    | Gained mutation: Your muscles are strong. (Str +2) [potion of mutation]
 20837 | Orc:2    | Lost mutation: Your muscles are strong. (Str +2) [potion of mutation]
 20837 | Orc:2    | Lost mutation: You are dopey. (Int -2) [potion of mutation]
 20837 | Orc:2    | Gained mutation: Armour fits poorly on your strangely shaped body. [potion of mutation]
 20837 | Orc:2    | Gained mutation: You have very sharp teeth. [potion of mutation]
 20837 | Orc:2    | Gained mutation: You have a pair of large horns on your head. [potion of mutation]
 20877 | Orc:2    | Killed Foic's ghost
 21094 | D:13     | Noticed Zigma's ghost (journeyman DrTm)
 21095 | D:13     | Found a runed door.
 21126 | D:13     | Killed Zigma's ghost
 21889 | Lair:5   | Got steaming fire dragon scales
 22110 | Orc:2    | Identified the +8 fire dragon scales of Tixyduif {rF++ rC- Str+2} (You found it on level 5 of the Lair of Beasts)
 22319 | D:13     | Found a gate to the Vaults.
 22830 | D:14     | Reached skill level 18 in Maces & Flails
 23173 | D:15     | Entered Level 15 of the Dungeon
 23250 | D:15     | Noticed Louise
 23270 | D:15     | Killed Louise
 23482 | D:15     | Noticed Azrael
 23499 | D:15     | Killed Azrael
 23755 | D:15     | Reached XP level 16. HP: 147/152 MP: 5/15
 23971 | D:15     | Found a staircase to the Depths.
 24184 | Spider:1 | Entered Level 1 of the Spider Nest
 24186 | Spider:1 | Received a gift from Trog
 24745 | Spider:2 | Noticed Aizul
 24758 | Spider:2 | Killed Aizul
 24863 | Spider:2 | HP: 6/155 [moth of wrath (13)]
 25486 | Spider:2 | Received a gift from Trog
 25796 | Spider:3 | Received a gift from Trog
 26548 | Spider:3 | Found a roughly hewn altar of Beogh.
 26950 | Spider:4 | Entered Level 4 of the Spider Nest
 26982 | Spider:4 | Noticed Arachne
 26994 | Spider:4 | Killed Arachne
 27144 | Spider:4 | Reached skill level 19 in Maces & Flails
 27699 | Spider:4 | Reached skill level 15 in Shields
 27916 | Spider:4 | Paralysed by a hornet for 2 turns
 28138 | Spider:4 | Reached XP level 17. HP: 163/163 MP: 5/16
 28824 | Spider:4 | Got a gossamer rune of Zot
 29022 | Shoals:1 | Entered Level 1 of the Shoals
 29164 | Shoals:1 | You fall through a shaft!
 29292 | Shoals:1 | Found a transporter.
 29391 | Shoals:1 | Lost mutation: You have a pair of large horns on your head. [the power of Zot]
 29403 | Shoals:1 | Paralysed by the power of Zot for 4 turns
 29484 | Shoals:1 | Found a transporter.
 29498 | Shoals:1 | Got a pitted ruby amulet
 29507 | Shoals:1 | Got a twitching steel ring
 29528 | Shoals:1 | Identified the amulet of Wiclomni {Reflect rC+ Int+3 Dex-4 Slay+5 SH+4} (You found it on level 1 of the Shoals)
 29529 | Shoals:1 | Identified the ring "Gifruil" {rN+ Str+4} (You found it on level 1 of the Shoals)
 30601 | Shoals:3 | Reached skill level 15 in Armour
 30833 | Shoals:3 | HP: 2/166 [faun/uncursed quarterstaff (22)]
 30833 | Shoals:3 | Slain by a manticore

Vault maps used:
D:1:      minmay_arrival_nine_rooms
D:2:      kennysheep_six_static_rooms, minmay_tetromino_t4
D:3:      lemuel_round_altar, serial_co_window_serial, co_window_paths_a,
          co_window_paths_a, co_window_cross_1, co_window_corner_a,
          co_window_of_opportunity_a, co_window_paths_a, co_window_corner_b,
          co_window_of_opportunity_b, co_window_unsneaky_path_e, co_window_sun,
          glass_columns_b, glass_columns_a, uniq_terence
D:4:      temple_statues, nicolae_ossuary_entry_giza, grunt_ministairs_6
D:5:      first_ration, portal_sewer_entry_c, grunt_qazlal_clouds, uniq_ijyb,
          uniq_crazy_yiuf_cottage
D:6:      kennysheep_big_flooded_room
D:7:      grunt_livestock
D:8:      sword_in_stone
D:9:      uniq_psyche, uniq_joseph, uniq_maurice, uniq_pikel
D:10:     enter_trove_1, uniq_josephine
D:11:     erik_lair_dragon, gammafunk_ghost_necromancy, basic_altar,
          minivault_25, fedhas_altar_3
D:12:     hiddenorc1_lemuel, uniq_snorg
D:13:     hangedman_vaults_entry_quadrant_bands, hellmonk_ghost_happy_afterlife
D:15:     grunt_enter_depths_snipers, minmay_misc_feat_alley, uniq_azrael,
          uniq_louise
Temple:   nicolae_temple_the_god_donut
Lair:1:   gammafunk_cloud_chamber, basic_altar, pond, grunt_megastairs_2,
          lemuel_fruit_fields, uniq_gastronok, uniq_sonja, uniq_fannar
Lair:2:   minmay_lair_oklob_bushes, grunt_megastairs_3, lemuel_fruit_fields
Lair:3:   minmay_shoals_entry_lonely_mermaid, spider_nest_entry_rubble,
          zaba_anthell
Lair:5:   slime_altar_1
Lair:6:   wormcave, eino_house_with_fridge, infiniplex_staircase_pool,
          serial_bayou_shore_b, minmay_lair_oklob_chamber
Shoals:1: gammafunk_its_a_trap
Shoals:3: serial_shops, nicolae_shop_overgrown_old_shop, lemuel_centaur_altar,
          uniq_ilsuiw
Spider:1: spider_trap
Spider:2: worms_lemuel, uniq_aizul
Spider:3: nicolae_spider_mines_2
Spider:4: guppyfry_spider_rune, uniq_arachne
Orc:1:    nicolae_orc_rockfall, nicolae_orc_damp_corner, uniq_erolcha
Orc:2:    st_orc_town, gammafunk_ghost_arena, mines3_lemuel, uniq_donald,
          uniq_nessos
Ossuary:  ossuary_minmay_tomb_2a

Skill      XL: |  1  2  3  4  5  6  7  8  9 10 11 12 13 14 15 16 17 |
---------------+----------------------------------------------------+-----
Fighting       | 4 5 6 8 9 10 12 13 15 16 17 18 | 18.4
Maces & Flails | 4 5 6 8 9 11 12 14 16 17 18 19 | 19.5
Dodging        | 3 4 5 6 8 9 10 11 12 | 12.6
Armour         | 3 4 5 7 8 9 10 11 12 13 14 15 | 15.0
Stealth        | 1 |  1.6
Shields        | 2 6 9 10 12 13 15 16 | 16.3

Action                   |  1- 3 |  4- 6 |  7- 9 | 10-12 | 13-15 | 16-18 || total
-------------------------+-------+-------+-------+-------+-------+-------++-------
Melee: Mace              |    76 |   142 |   293 |   253 |       |       ||   764
       Headbutt          |    13 |    27 |    60 |   205 |   491 |   262 ||  1058
       Whip              |       |       |       |   382 |       |       ||   382
       Dire flail        |       |       |       |    96 |   118 |       ||   214
       Demon whip        |       |       |       |       |  1325 |   865 ||  2190
       Bite              |       |       |       |       |    55 |   133 ||   188
Invok: Berserk           |       |     1 |     4 |    15 |     7 |     6 ||    33
       Brothers in Arms  |       |       |       |     2 |    11 |    21 ||    34
Evoke: Lamp of fire      |       |       |       |       |     1 |       ||     1
  Use: Scroll            |       |     6 |     8 |     5 |    23 |    13 ||    55
       Potion            |       |       |       |       |     2 |     6 ||     8
 Stab: Sleeping          |     2 |       |       |       |       |       ||     2
       Distracted        |       |       |       |       |       |     1 ||     1
       Held in net/web   |       |       |       |       |       |     1 ||     1
  Eat: Chunk             |     1 |     6 |    14 |    29 |    39 |    22 ||   111
       Ration            |       |       |     1 |     1 |     3 |     4 ||     9
Armor: Animal skin       |    13 |       |       |       |       |       ||    13
       Ring mail         |     6 |    71 |   128 |   173 |     4 |       ||   382
       Plate armour      |       |       |       |       |   245 |       ||   245
       Fire dragon scale |       |       |       |       |    33 |   210 ||   243
Dodge: Dodged            |    74 |   112 |   191 |   333 |   426 |   453 ||  1589
Block: Shield            |       |       |       |   195 |   575 |   587 ||  1357
       Reflection        |       |       |       |       |    25 |    59 ||    84

Table legend:
 A = Spawn XP
 B = Non-spawn XP
 C = Spawn XP percentage of total XP
 D = Spawn monster count
 E = Non-spawn monster count
 F = Spawn count percentage of total count
 G = Total turns spent on level
                    A         B        C        D         E        F      G
               +---------+---------+-------+---------+---------+-------+---------
         Total |       0 |  258519 |   0.0 |       0 |    1142 |   0.0 | 30833
               +---------+---------+-------+---------+---------+-------+---------
           D:1 |       0 |      68 |   0.0 |       0 |      34 |   0.0 |  1014
           D:2 |       0 |     101 |   0.0 |       0 |      25 |   0.0 |   713
           D:3 |       0 |     228 |   0.0 |       0 |      27 |   0.0 |  1285
           D:4 |       0 |      51 |   0.0 |       0 |      11 |   0.0 |  1105
           D:5 |       0 |    1826 |   0.0 |       0 |      37 |   0.0 |  1083
           D:6 |       0 |    1850 |   0.0 |       0 |      32 |   0.0 |   811
           D:7 |       0 |    2230 |   0.0 |       0 |      31 |   0.0 |   721
           D:8 |       0 |     901 |   0.0 |       0 |       9 |   0.0 |   594
           D:9 |       0 |    5955 |   0.0 |       0 |      33 |   0.0 |  1132
          D:10 |       0 |    7829 |   0.0 |       0 |      54 |   0.0 |  1219
          D:11 |       0 |    7145 |   0.0 |       0 |      31 |   0.0 |  1714
          D:12 |       0 |    8298 |   0.0 |       0 |      42 |   0.0 |   761
          D:13 |       0 |   10878 |   0.0 |       0 |      40 |   0.0 |  1172
          D:14 |       0 |    6509 |   0.0 |       0 |      31 |   0.0 |   646
          D:15 |       0 |   20571 |   0.0 |       0 |      40 |   0.0 |   827
        Lair:1 |       0 |   11584 |   0.0 |       0 |      35 |   0.0 |  1358
        Lair:2 |       0 |    4850 |   0.0 |       0 |      16 |   0.0 |   817
        Lair:3 |       0 |   15039 |   0.0 |       0 |      77 |   0.0 |  1320
        Lair:4 |       0 |    4465 |   0.0 |       0 |      16 |   0.0 |   864
        Lair:5 |       0 |    3022 |   0.0 |       0 |      10 |   0.0 |   835
        Lair:6 |       0 |   23692 |   0.0 |       0 |      80 |   0.0 |  1399
      Shoals:1 |       0 |   12921 |   0.0 |       0 |      27 |   0.0 |   732
      Shoals:2 |       0 |    8928 |   0.0 |       0 |      17 |   0.0 |   835
      Shoals:3 |       0 |   10237 |   0.0 |       0 |      23 |   0.0 |   244
      Spider:1 |       0 |    8967 |   0.0 |       0 |      29 |   0.0 |   675
      Spider:2 |       0 |   17611 |   0.0 |       0 |      61 |   0.0 |  1158
      Spider:3 |       0 |    9861 |   0.0 |       0 |      38 |   0.0 |   986
      Spider:4 |       0 |   32618 |   0.0 |       0 |      73 |   0.0 |  2000
         Orc:1 |       0 |    4936 |   0.0 |       0 |      44 |   0.0 |   627
         Orc:2 |       0 |   14937 |   0.0 |       0 |     103 |   0.0 |  1605
       Ossuary |       0 |     411 |   0.0 |       0 |      16 |   0.0 |   323
               +---------+---------+-------+---------+---------+-------+---------
